 Dungeon Crawl Stone Soup version 0.17-a0-2122-g03d97ec (webtiles) character file.

1545 fredomojojo the Spear-Bearer (level 8, -1/61 HPs)
             Began as a Merfolk Gladiator on Oct 21, 2015.
             Was a Believer of Okawaru.
             Shot with an arrow by a centaur (9 damage)
             ... on level 5 of the Dungeon.
             The game lasted 01:47:40 (4572 turns).

fredomojojo the Spear-Bearer (Merfolk Gladiator)    Turns: 4572, Time: 01:47:40

Health: -1/61      AC:  5    Str: 16      XL:     8   Next: 87%
Magic:  0/8        EV: 16    Int:  6 (7)  God:    Okawaru [**....]
Gold:   199        SH:  0    Dex: 16      Spells: 0 memorised, 7 levels left

rFire  . . .     SeeInvis +     d - +3 scythe (venom)
rCold  . . .     Clarity  .     F - +0 leather armour
rNeg   + . .     SustAt   .     (no shield)
rPois  .         Gourm    .     c - +0 helmet
rElec  .         Spirit   +     (no cloak)
rCorr  .         Warding  .     J - +0 pair of gloves
rMut   .         Stasis   .     (no boots)
MR     .....                    m - amulet of guardian spirit
Stlth  ++........               q - ring of positive energy
                                a - ring of see invisible

@: lethally poisoned (-1 -> -2), flying, not resistant to hostile enchantments,
unstealthy
A: change form in water, swift swim
a: Heroism, Renounce Religion


You were on level 5 of the Dungeon.
You worshipped Okawaru.
Okawaru was pleased with you.
You were not hungry.

You visited 1 branch of the dungeon, and saw 6 of its levels.

You collected 199 gold pieces.

Inventory:

Hand Weapons
 d - a +3 scythe of venom (weapon)
Missiles
 b - a throwing net (quivered)
 h - 164 stones
 i - 58 arrows
 j - 58 sling bullets
 l - 6 poisoned arrows
 u - 3 tomahawks of returning
 D - 8 tomahawks
Armour
 c - a +0 helmet (worn)
 z - a +0 robe
 F - a +0 leather armour (worn)
 J - a +0 pair of gloves (worn)
Jewellery
 a - a ring of see invisible (left hand)
 e - a -2 ring of slaying
 m - an amulet of guardian spirit (around neck)
 q - a ring of positive energy (right hand)
 s - an uncursed ring of flight
 w - an uncursed ring of magical power
Wands
 x - a wand of frost (12)
Scrolls
 g - a scroll of magic mapping {unknown}
 n - a scroll of immolation
 o - a scroll of amnesia
 p - 2 scrolls of identify
 B - a scroll of recharging
 E - a scroll of vulnerability {unknown}
Potions
 v - 2 potions of berserk rage
Miscellaneous
 r - a plain deck of changes {drawn: 6}
 t - a plain deck of destruction {drawn: 4}
Comestibles
 f - 4 beef jerkies
 k - 6 meat rations
 C - 2 bread rations
 H - a slice of pizza


   Skills:
 + Level 4.4 Fighting
 * Level 10.0 Polearms
 + Level 5.4 Throwing
 + Level 2.3 Armour
 + Level 6.9 Dodging
 + Level 2.6 Stealth
 + Level 0.4 Evocations


You had 7 spell levels left.
You didn't know any spells.

Dungeon Overview and Level Annotations

Branches:
Dungeon (6/15)             Temple (0/1) D:5

Altars:
Ashenzari
Elyvilon
Nemelex Xobeh
Okawaru
Qazlal
Ru
Vehumet
Yredelemnul
The Shining One


Message History

You reach down and open the door.
You feel sick.
There is an open door here.
You feel sick.
You feel sick.
You feel sick.
Nemelex Xobeh makes you draw from the Deck of Punishment.
You draw a card...
You have drawn Wrath.
Vehumet rains destruction down upon you!
The stone arrow hits you!
* * * LOW HITPOINT WARNING * * *
2 orcs, an orc priest and a centaur come into view.
You feel sick.
The centaur shouts!
The orc shouts!
The orc shouts!
The orc moves out of view.
An orc comes into view. It is wielding a flail of crushing.
The centaur wields a shortbow.
The centaur shoots an arrow.
The arrow hits you.
* * * LOW HITPOINT WARNING * * *
You see here an arrow.
The centaur shoots an arrow.
The arrow hits you!
You die...

#.....o........##..........
#......).c.....##..........
#.......o......##..........
#..............##..........
#........#'##### ##+##+#
#........#.# #.##.#
#........#(###########.##.#
#........#.##.............#
####........#@##....#####.#...
#...........#.##....# ...#.##
#...........#.##....##.##.#.#
#..[........#........#.####.#
#...........#####'##.#......#
#...........#####.##.########
#...........##....##.#
#...........##.#####.#
#.......######...# #.#


You could see a centaur.

Vanquished Creatures
  Sigmund (D:2)
  Eustachio (D:5)
  Menkaure (D:5)
  Duvessa (D:5)
  2 ogres
  Dowan (D:5)
  2 scorpions
  2 crimson imps
  A jelly (D:5)
  An orc priest (D:4)
  A hound (D:4)
  3 giant frog skeletons
  Jessica (D:5)
  7 orc wizards
  3 worker ants
  An adder (D:5)
  A shadow imp (D:5)
  2 oozes
  An adder zombie (D:5)
  2 worms (D:2)
  2 giant geckos
  30 orcs
  A ball python (D:3)
  5 bats
  13 giant cockroaches
  11 goblins
  5 hobgoblins
  2 jackals (D:3)
  8 kobolds
  A giant gecko skeleton (D:5)
  4 giant newts
  4 quokkas
  11 rats
  A plant (D:3)
133 creatures vanquished.

Vanquished Creatures (others)
  An orc wizard (D:4)
1 creature vanquished.

Grand Total: 134 creatures vanquished

Notes
Turn   | Place    | Note
--------------------------------------------------------------
     0 | D:1      | fredomojojo the Merfolk Gladiator began the quest for the Orb.
     0 | D:1      | Reached XP level 1. HP: 16/16 MP: 1/1
   219 | D:1      | Reached XP level 2. HP: 20/22 MP: 2/2
   614 | D:2      | Noticed Sigmund
   639 | D:2      | Killed Sigmund
   639 | D:2      | Reached skill level 5 in Polearms
   639 | D:2      | Reached skill level 5 in Dodging
   639 | D:2      | Reached XP level 3. HP: 12/28 MP: 3/3
   639 | D:2      | Reached XP level 4. HP: 14/34 MP: 4/4
   639 | D:2      | Reached XP level 5. HP: 16/40 MP: 5/5
   669 | D:2      | HP: 2/40 [poisoned by Sigmund]
  1058 | D:2      | Reached skill level 6 in Polearms
  1059 | D:2      | Found a sparkling altar of Nemelex Xobeh.
  1068 | D:2      | Became a worshipper of Nemelex Xobeh the Trickster
  1234 | D:2      | Received a gift from Nemelex Xobeh
  1415 | D:2      | Reached skill level 1 in Armour
  1575 | D:3      | Found a basalt altar of Yredelemnul.
  1575 | D:3      | Found a radiant altar of Vehumet.
  1593 | D:3      | Gained mutation: Scrolls take you a little longer to read. [helix card]
  1700 | D:3      | Found a sacrificial altar of Ru.
  1864 | D:3      | Reached * piety under Nemelex Xobeh
  1990 | D:3      | Reached XP level 6. HP: 46/46 MP: 6/6
  2017 | D:3      | Reached skill level 1 in Stealth
  2347 | D:3      | Found a shattered altar of Ashenzari.
  2536 | D:3      | Found an iron altar of Okawaru.
  2547 | D:3      | Fell from the grace of Nemelex Xobeh
  2547 | D:3      | Became a worshipper of Warmaster Okawaru
  2930 | D:3      | Reached skill level 7 in Polearms
  2974 | D:4      | Lost mutation: Scrolls take you a little longer to read. [potion of cure mutation]
  3067 | D:3      | Reached XP level 7. HP: 30/52 MP: 7/7
  3140 | D:4      | Reached * piety under Okawaru
  3147 | D:4      | Reached skill level 8 in Polearms
  3253 | D:4      | Found a white marble altar of Elyvilon.
  3304 | D:5      | Entered Level 5 of the Dungeon
  3304 | D:5      | Noticed Eustachio
  3345 | D:4      | Found a glowing golden altar of the Shining One.
  3574 | D:5      | Found a staircase to the Ecumenical Temple.
  3672 | D:6      | Reached XP level 8. HP: 56/60 MP: 8/8
  3793 | D:5      | Noticed Duvessa
  3797 | D:5      | Noticed Dowan
  3798 | D:5      | Killed Duvessa
  3798 | D:5      | Reached skill level 9 in Polearms
  3804 | D:5      | Killed Dowan
  3804 | D:5      | Reached ** piety under Okawaru
  3868 | D:5      | Noticed Menkaure
  3872 | D:5      | Killed Menkaure
  3872 | D:5      | Reached skill level 5 in Throwing
  3876 | D:5      | Found a stormy altar of Qazlal.
  4187 | D:5      | Found a sparkling altar of Nemelex Xobeh.
  4187 | D:5      | Noticed Jessica
  4189 | D:5      | Killed Jessica
  4430 | D:5      | Killed Eustachio
  4554 | D:5      | Reached skill level 10 in Polearms
  4572 | D:5      | Shot with an arrow by a centaur

Vault maps used:
D:1:      wheals_arrival_linesprint, st_stairs_6
D:2:      nemelex_deck, kennysheep_small_spiral, uniq_sigmund
D:3:      corexii_shack_village, nicolae_overflow_hidden_temple,
          okawaru_metal_pillars_3, nicolae_ru_the_path_less_chosen,
          gammafunk_temple_overflow_pools, serial_glass, glass_columns_b,
          glass_columns_b, glass_columns_b, glass_columns_a, glass_columns_b,
          glass_columns_b, minmay_strange_pillars
D:4:      lemuel_doored_altar, tso_oasis_becter, first_bread
D:5:      grunt_qazlal_clouds, temple_fountains, nemelex_lonely_heart_becter,
          uniq_menkaure, uniq_eustachio, uniq_duvessa
D:6:      nicolae_overflow_crystal_walls, serial_shops, kennysheep_little_box,
          gup_sewer_entry_bubbles, uniq_grinder, uniq_edmund

Action                   |  1- 3 |  4- 6 |  7- 9 || total
-------------------------+-------+-------+-------++-------
Melee: Trident           |    66 |     1 |       ||    67
       Scythe            |       |   165 |    92 ||   257
Throw: Stone             |     3 |    59 |     4 ||    66
       Throwing net      |     3 |     1 |     5 ||     9
       Tomahawk          |       |       |    63 ||    63
Evoke: Deck              |       |     6 |     4 ||    10
  Use: Scroll            |     4 |     5 |     3 ||    12
       Potion            |       |     4 |     6 ||    10
 Stab: Sleeping          |     1 |     4 |       ||     5
       Invisible         |       |     2 |       ||     2
  Eat: Bread ration      |       |     3 |     1 ||     4
